 Dungeon Crawl Stone Soup version 0.23-a0-292-g6cc01a3c85 (webtiles) character file.

1392 Ablot the Charmwright (level 8, -8/64 HPs)
             Began as a Gnoll Skald on Oct 4, 2018.
             Was a Follower of Okawaru.
             Killed by divine providence
             ... invoked by an orc priest
              (10 damage)
             ... on level 6 of the Dungeon.
             The game lasted 00:08:13 (3838 turns).

Ablot the Charmwright (Gnoll Skald)                 Turns: 3838, Time: 00:08:14

Health: -8/64      AC:  4    Str: 14    XL:     8   Next: 68%
Magic:  17/17      EV: 15    Int: 15    God:    Okawaru [*.....]
Gold:   191        SH:  0    Dex: 17    Spells: 8/19 levels left

rFire    . . .     SeeInvis +   s - +0 whip (elec)
rCold    . . .     Gourm    .   (no shield)
rNeg     . . .     Faith    .   z - +0 leather armour (curse)
rPois    .         Spirit   .   (no helmet)
rElec    .         Reflect  .   (no cloak)
rCorr    .         Harm     .   i - +0 pair of gloves
MR       .....                  (no boots)
Stlth    ++........             (no amulet)
HPRegen  0.20/turn              n - ring of see invisible
MPRegen  0.15/turn              A - ring of flight

@: no status effects
A: distributed training, fangs 1, strong nose
a: Heroism, Renounce Religion, Evoke Flight


You were on level 6 of the Dungeon.
You worshipped Okawaru.
Okawaru was aware of your devotion.
You were not hungry.

You visited 2 branches of the dungeon, and saw 7 of its levels.

You collected 191 gold pieces.

Inventory:

Hand Weapons
 a - a +0 spear
 q - a +2 hand crossbow of flaming
 s - a +0 whip of electrocution (weapon)
Missiles
 c - 42 stones (quivered)
 e - 49 arrows
 u - 37 sling bullets
 y - 8 bolts
Armour
 i - a +0 pair of gloves (worn)
 z - a cursed +0 leather armour (worn)
Jewellery
 n - a ring of see invisible (left hand)
 A - a ring of flight (right hand)
Wands
 b - a wand of clouds (6)
 r - a wand of acid (10)
 w - a wand of disintegration (22)
Scrolls
 h - a scroll of noise {unknown}
 j - 4 scrolls of teleportation
 k - a scroll of enchant weapon {unknown}
 l - 2 scrolls of identify
 p - a scroll of fog {unknown}
 x - a scroll of magic mapping
 B - 4 scrolls of remove curse
 D - a scroll of amnesia {unknown}
Potions
 f - a potion of brilliance {unknown}
 g - a potion of cancellation {unknown}
 m - a potion of heal wounds
 o - a potion of magic {unknown}
 t - a potion of degeneration {unknown}
 v - a potion of curing {unknown}
 C - a potion of haste {unknown}
Comestibles
 d - 10 rations


   Skills:
 + Level 5.8 Fighting
 + Level 3.4 Short Blades
 + Level 3.4 Long Blades
 + Level 3.4 Axes
 + Level 3.4 Maces & Flails
 + Level 5.8 Polearms
 + Level 3.4 Staves
 + Level 3.4 Slings
 + Level 3.4 Bows
 + Level 3.4 Crossbows
 + Level 3.4 Throwing
 + Level 4.3 Armour
 + Level 5.8 Dodging
 + Level 3.4 Stealth
 + Level 3.4 Shields
 + Level 3.4 Unarmed Combat
 + Level 6.1 Spellcasting
 + Level 2.8 Conjurations
 + Level 2.8 Hexes
 + Level 6.2 Charms
 + Level 2.8 Summonings
 + Level 2.8 Necromancy
 + Level 2.8 Translocations
 + Level 2.8 Transmutations
 + Level 2.8 Fire Magic
 + Level 2.8 Ice Magic
 + Level 2.8 Air Magic
 + Level 2.8 Earth Magic
 + Level 2.8 Poison Magic
 + Level 3.7 Invocations
 + Level 3.4 Evocations


You had 8 spell levels left.
You knew the following spells:

 Your Spells              Type           Power        Failure   Level  Hunger
a - Infusion              Chrm           ###.         1%          1    None
b - Song of Slaying       Chrm           ###.....     2%          2    #......
c - Shroud of Golubria    Chrm/Tloc      ###.......   4%          2    #......
d - Regeneration          Chrm/Necr      ###.......   9%          3    ##.....
e - Spectral Weapon       Hex/Chrm       ###.....     9%          3    ##.....

Your spell library contained the following spells:

 Spells                   Type           Power        Failure   Level  Hunger


Dungeon Overview and Level Annotations

Branches:
Dungeon (6/15)             Temple (1/1) D:5

Altars:
Ashenzari
Dithmenos
Fedhas
Gozag
Kikubaaqudgha
Makhleb
Nemelex Xobeh
Okawaru
Qazlal
Ru
Trog
Uskayaw
Vehumet
Wu Jian
Xom
Yredelemnul
Zin
The Shining One

Shops:
D:5 }

Annotations:
D:4 2 transporters, Armakuni's ghost, amateur HuFE


Innate Abilities, Weirdness & Mutations

Your experience applies equally to all skills.
You have very sharp teeth.
Your uncanny sense of smell can sniff out nearby items.


Message History

The worker ant barely misses you.
You hit the orc priest.
You bite the orc priest, but do no damage.
The orc priest is moderately wounded.
The orc wizard barely misses you.
The orc priest invokes the aid of Beogh against you.
Beogh smites you!
* * * LOW HITPOINT WARNING * * *
The orc priest hits you with a short sword.
* * * LOW HITPOINT WARNING * * *
The orc barely misses you. The orc closely misses you.
The worker ant bites you but does no damage.
You closely miss the orc priest. You punch the orc priest.
Your bite misses the orc priest.
The orc priest is moderately wounded.
The orc wizard closely misses you. The orc wizard hits you with a dagger.
* * * LOW HITPOINT WARNING * * *
The orc priest invokes the aid of Beogh against you.
Beogh smites you!
You die...

,,,*+*,,,,,,*,,,,,,***,,,,,,,,,,,
,**,,,,,,,,,**####****,,.,,,,,,,*
,**,,,,,,,,,,,,...,,**,..,,,,,,,*
,**,,,,,,,,,,,,...*,**...,,,,,,,*
,***,*,******###.#*,*...*,*******
,* *,*,,,,,,,,....,,..,**,* * ,*
*,*****######(##.##.##,* * ,***,*
#.....aoo...o..,*
,,,,,*****#.#.Jo@##.##.##**
,,,,,,,,,......oo#*,#*,*
*********##.#..o.<*,**,*
#,#...###,**,* *.....,,,,**,*****
#.#...,****,,,,,,* #.#...,*
******,* #*####,*********,*
*,,,,,,,,,*,*


You could see a jelly, a worker ant, 2 orc priests, 2 orc wizards and 3 orcs.

Vanquished Creatures
  Pikel (D:4)
  2 sky beasts
  A phantom (D:4)
  4 ogres
  A howler monkey (D:5)
  A hound (D:5)
  2 iguanas (D:4)
  2 worker ants
  4 adders
  A worker ant zombie (D:5)
  2 oozes
  A worm (D:2)
  5 dart slugs
  A leopard gecko (D:5)
  14 orcs
  6 bats
  5 giant cockroaches
  6 goblins
  7 hobgoblins
  8 jackals
  A quokka (D:2)
  2 ball pythons
  10 frilled lizards
  9 kobolds
  10 rats
106 creatures vanquished.

Vanquished Creatures (others)
  2 slaves (D:4)
  A scorpion (D:4)
  2 jackals (D:4)
  2 spectral weapons
7 creatures vanquished.

Grand Total: 113 creatures vanquished

Notes
Turn   | Place    | Note
-------+----------+-------------------------------------------
     0 | D:1      | Ablot the Gnoll Skald began the quest for the Orb.
     0 | D:1      | Reached XP level 1. HP: 20/20 MP: 6/6
   283 | D:1      | Reached XP level 2. HP: 26/26 MP: 7/7
   287 | D:1      | Learned a level 2 spell: Song of Slaying
   290 | D:1      | Learned a level 2 spell: Shroud of Golubria
   475 | D:1      | Reached XP level 3. HP: 31/31 MP: 9/9
   589 | D:1      | Reached skill level 5 in Spellcasting
   657 | D:2      | Learned a level 3 spell: Regeneration
   661 | D:2      | Learned a level 3 spell: Spectral Weapon
   709 | D:2      | Reached skill level 1 in Invocations
   793 | D:2      | Reached skill level 1 in Short Blades
   793 | D:2      | Reached skill level 1 in Long Blades
   793 | D:2      | Reached skill level 1 in Axes
   793 | D:2      | Reached skill level 1 in Maces & Flails
   793 | D:2      | Reached skill level 1 in Staves
   793 | D:2      | Reached skill level 1 in Slings
   793 | D:2      | Reached skill level 1 in Bows
   793 | D:2      | Reached skill level 1 in Crossbows
   793 | D:2      | Reached skill level 1 in Throwing
   793 | D:2      | Reached skill level 1 in Stealth
   793 | D:2      | Reached skill level 1 in Shields
   793 | D:2      | Reached skill level 1 in Unarmed Combat
   793 | D:2      | Reached skill level 1 in Evocations
   840 | D:2      | Reached XP level 4. HP: 38/38 MP: 11/11
  1387 | D:3      | Reached skill level 1 in Conjurations
  1387 | D:3      | Reached skill level 1 in Hexes
  1387 | D:3      | Reached skill level 1 in Summonings
  1387 | D:3      | Reached skill level 1 in Necromancy
  1387 | D:3      | Reached skill level 1 in Translocations
  1387 | D:3      | Reached skill level 1 in Transmutations
  1387 | D:3      | Reached skill level 1 in Fire Magic
  1387 | D:3      | Reached skill level 1 in Ice Magic
  1387 | D:3      | Reached skill level 1 in Air Magic
  1387 | D:3      | Reached skill level 1 in Earth Magic
  1387 | D:3      | Reached skill level 1 in Poison Magic
  1506 | D:3      | Reached XP level 5. HP: 41/43 MP: 4/12
  2092 | D:4      | Noticed a phantom
  2096 | D:4      | Noticed a slave
  2097 | D:4      | Noticed a slave
  2099 | D:4      | Noticed Pikel
  2237 | D:4      | Noticed a slave
  2238 | D:4      | HP: 2/43 [disintegration (5)]
  2243 | D:4      | Killed Pikel
  2243 | D:4      | Reached skill level 5 in Fighting
  2243 | D:4      | Reached skill level 5 in Polearms
  2243 | D:4      | Reached skill level 5 in Dodging
  2243 | D:4      | Reached XP level 6. HP: 32/51 MP: 5/14
  2243 | D:4      | Reached XP level 7. HP: 35/56 MP: 5/15
  2522 | D:4      | Found a bloodstained altar of Trog.
  2562 | D:4      | Found a transporter.
  2563 | D:4      | Noticed Armakuni's ghost (amateur HuFE)
  2564 | D:4      | Found a transporter.
  2771 | D:4      | Reached XP level 8. HP: 59/63 MP: 9/16
  2929 | D:5      | Entered Level 5 of the Dungeon
  2960 | D:5      | Found a staircase to the Ecumenical Temple.
  2978 | Temple   | Entered the Ecumenical Temple
  3084 | Temple   | Became a worshipper of Warmaster Okawaru
  3258 | D:5      | Found Guati's Gadget Shop.
  3366 | D:5      | Reached * piety under Okawaru
  3757 | D:5      | Found a hide-covered altar of Uskayaw.
  3838 | D:6      | HP: 2/64 [orc wizard/dagger (2)]
  3838 | D:6      | Killed from afar by an orc priest

Vault maps used:
D:1:      dpeg_arrival_tiny_c, hangedman_decor_diamond_cutter,
          serial_park_tiny_pond
D:2:      first_ration, hangedman_decor_slide_cut, hangedman_feature_mirror,
          kennysheep_generic_room_2
D:4:      bloody_trog, gammafunk_ghost_smash, uniq_pikel
D:5:      lemuel_round_altar, minmay_temple_entry_large_hall, serial_shops,
          shop_statue
D:6:      gup_sewer_entry_pipe
Temple:   compressed_dpeg_circular_temple

Skill      XL: |  1  2  3  4  5  6  7  8 |
---------------+-------------------------+-----
Spellcasting   | 5 6 |  6.1
Invocations    | 1 2 3 |  3.7
Short Blades   | 1 2 3 |  3.4
Long Blades    | 1 2 3 |  3.4
Axes           | 1 2 3 |  3.4
Maces & Flails | 1 2 3 |  3.4
Staves         | 1 2 3 |  3.4
Slings         | 1 2 3 |  3.4
Bows           | 1 2 3 |  3.4
Crossbows      | 1 2 3 |  3.4
Throwing       | 1 2 3 |  3.4
Stealth        | 1 2 3 |  3.4
Shields        | 1 2 3 |  3.4
Unarmed Combat | 1 2 3 |  3.4
Evocations     | 1 2 3 |  3.4
Conjurations   | 1 2 |  2.8
Hexes          | 1 2 |  2.8
Summonings     | 1 2 |  2.8
Necromancy     | 1 2 |  2.8
Translocations | 1 2 |  2.8
Transmutations | 1 2 |  2.8
Fire Magic     | 1 2 |  2.8
Ice Magic      | 1 2 |  2.8
Air Magic      | 1 2 |  2.8
Earth Magic    | 1 2 |  2.8
Poison Magic   | 1 2 |  2.8
Armour         | 3 4 |  4.3
Fighting       | 5 |  5.8
Polearms       | 5 |  5.8
Dodging        | 5 |  5.8
Charms         | 6 |  6.2

Action                   |  1- 3 |  4- 6 |  7- 9 || total
-------------------------+-------+-------+-------++-------
Melee: Spear             |   117 |   143 |    15 ||   275
       Bite              |     9 |    17 |    13 ||    39
       Whip              |       |       |    75 ||    75
       Punch             |       |       |     4 ||     4
 Fire: Hand crossbow     |       |       |    17 ||    17
Throw: Stone             |       |       |     1 ||     1
 Cast: Infusion          |     1 |     2 |     1 ||     4
       Shroud of Golubri |     2 |     9 |     7 ||    18
       Song of Slaying   |     2 |     3 |     1 ||     6
       Spectral Weapon   |       |     8 |     7 ||    15
       Regeneration      |       |     1 |     4 ||     5
  Use: Potion            |       |     1 |       ||     1
       Scroll            |       |       |     4 ||     4
 Stab: Sleeping          |     4 |     4 |     2 ||    10
       Distracted        |       |     2 |       ||     2
  Eat: Chunk             |       |     5 |     7 ||    12
Armor: Leather armour    |    17 |    16 |    20 ||    53
Dodge: Dodged            |    40 |    58 |    64 ||   162

Table legend:
 A = Non-vault XP
 B = Vault XP
 C = Vault XP percentage of total XP
 D = Non-vault monster count
 E = Vault monster count
 F = Vault count percentage of total count
                 A         B        C        D         E       F
            +---------+---------+-------+---------+---------+-------
      Total |    1351 |     638 |  32.1 |     103 |       3 |   2.8
            +---------+---------+-------+---------+---------+-------
        D:1 |      38 |       0 |   0.0 |      23 |       0 |   0.0
        D:2 |      64 |       9 |  12.3 |      28 |       2 |   6.7
        D:3 |      76 |       0 |   0.0 |      19 |       0 |   0.0
        D:4 |     495 |     629 |  56.0 |      15 |       1 |   6.2
        D:5 |     678 |       0 |   0.0 |      18 |       0 |   0.0
            +---------+---------+-------+---------+---------+-------
